 Dungeon Crawl Stone Soup version 0.18.1-8-gdd0e5ea (webtiles) character file.

720079 RepoMan the Ninja (level 27, -22/189 HPs)
             Began as a Kobold Assassin on May 13, 2016.
             Was the Champion of Pakellas.
             Killed from afar by a hellion (31 damage)
             ... with damnation
             ... on level 12 of a ziggurat on June 10, 2016.
             The game lasted 1 day 04:54:05 (103266 turns).

RepoMan the Ninja (Kobold Assassin)           Turns: 103266, Time: 1 , 04:54:05

Health: -22/189    AC: 18    Str: 18 (19) XL:     27
Magic:  18/40      EV: 61    Int: 12 (13) God:    Pakellas [******]
Gold:   6853       SH:  0    Dex: 36      Spells: 4 memorised, 39 levels left

rFire  . . .     SeeInvis +     (weapon currently unavailable)
rCold  . . .     Gourm    .     (armour currently unavailable)
rNeg   + + +     Faith    .     (shield currently unavailable)
rPois  +         Spirit   .     H - +2 helmet {SInv}
rElec  .         Dismiss  .     (cloak currently unavailable)
rCorr  .         Reflect  .     (gloves currently unavailable)
SustAt .         Harm     .     (boots currently unavailable)
MR     ++...                    r - macabre finger necklace {rN+}
Stlth  ++++++++++               q - +5 ring of evasion
                                D - ring "Jole" {+Blink rN+ Str+5 Int+4}
                                i - +5 ring of strength

@: agile, fungus-form, magic armour, very resistant to hostile enchantments,
uncannily stealthy
A: rugged brown scales 1, blink, carnivore 3
a: Blink, Quick Charge, Device Surge, Supercharge, Renounce Religion, Evoke
Blink
}: 5/15 runes: decaying, serpentine, slimy, silver, obsidian


You were on level 12 of a ziggurat.
You worshipped Pakellas.
Pakellas was exalted by your worship.
You were completely stuffed.
You were a sentient fungus.
You visited 14 branches of the dungeon, and saw 72 of its levels.
You visited the Abyss 1 time.
You visited 1 ziggurat, and saw 12 of its levels.
You also visited: Labyrinth, Sewer and Ice Cave.

You collected 10813 gold pieces.
You spent 3775 gold pieces at shops.

Inventory:

Hand Weapons
 a - the +7 Spriggan's Knife (melded) {MR+ EV+4 Dex+4 Stlth+}
   (You found it on level 5 of the Vaults)

   It affects your evasion (+4).
   It affects your dexterity (+4).
   It affects your resistance to hostile enchantments.
   It makes you more stealthy.
 b - the +11 dagger of Valuable Assets {venom, -Tele +Inv Int+5}
   (You took it off a deep elf demonologist on level 3 of the Elven Halls)

   It poisons the flesh of those it strikes.
   It affects your intelligence (+5).
   It lets you turn invisible.
   It prevents most forms of teleportation.
 h - the +6 scimitar of Flaming Death {sticky flame, rPois rF++ rC- MR+}
   (You found it on level 6 of the Pits of Slime)

   It has been specially enchanted to burn those struck by it, causing extra
   injury to most foes and up to half again as much damage against particularly
   susceptible opponents.
   Big, fiery blades are also staple armaments of hydra-hunters.
   It greatly protects you from fire.
   It makes you vulnerable to cold.
   It protects you from poison.
   It affects your resistance to hostile enchantments.
Missiles
 T - 2 throwing nets (quivered)
Armour
 e - the +3 pair of gloves of Iposew Kato (melded) {rPois}
   (You found it on level 3 of the Elven Halls)

   It protects you from poison.
 v - a +1 pair of boots of running (melded)
 H - a +2 helmet of see invisible (worn)
 K - the +0 cloak of Impermeability (melded) {Regen+ Slay+3}
   (You found it on level 4 of the Realm of Zot)

   It affects your accuracy and damage with ranged weapons and melee attacks
   (+3).
   It increases your rate of regeneration.
 W - a +7 pearl dragon armour (melded)
Rods
 J - a +8 lightning rod (10/10)
   (You found it on level 3 of a ziggurat)
 O - a +8 iron rod (12/12)
   (You acquired it on level 6 of the Pits of Slime)
 Q - a +6 iron rod (9/9)
   (You found it on level 8 of a ziggurat)
 Z - a +6 rod of clouds (14/14)
   (Pakellas gifted it to you on level 1 of the Lair of Beasts)
Jewellery
 i - a +5 ring of strength (on amulet)
 q - a +5 ring of evasion (right hypha)
 r - the macabre finger necklace (around neck) {rN+}
   (You took it off a deep elf sorcerer on level 3 of the Elven Halls)

   [amulet of nothing]

   It protects you from negative energy.
 D - the ring "Jole" (left hypha) {+Blink rN+ Str+5 Int+4}
   (You found it on level 11 of a ziggurat)

   [ring of positive energy]

   It affects your strength (+5).
   It affects your intelligence (+4).
   It protects you from negative energy.
   It lets you blink.
 S - an uncursed ring of resist corrosion
Wands
 l - a wand of hasting (6/9)
 t - a wand of teleportation (5/9)
 x - a wand of iceblast (6/15)
 A - a wand of disintegration (9/24)
 E - a wand of confusion (13/48)
 G - a wand of acid (5/15)
 M - a wand of heal wounds (1/9)
 V - a wand of digging (13/24)
 Y - a wand of paralysis (17/24)
Scrolls
 f - 2 scrolls of blinking
 k - 18 scrolls of remove curse
 p - a scroll of magic mapping
 y - 3 scrolls of immolation
 z - 6 scrolls of fear
 X - a scroll of silence
Potions
 m - 4 potions of curing
 o - 4 potions of flight
 s - 2 potions of resistance
 C - 6 potions of berserk rage
 I - a potion of magic
 P - 2 potions of might
 U - 3 potions of agility
Miscellaneous
 c - a legendary deck of changes
 n - a box of beasts {used: 6}
 u - an ornate deck of war {drawn: 3}
 w - a fan of gales (inert)
 B - a phial of floods (inert)
 F - the horn of Geryon (inert)
 L - a plain deck of summoning {drawn: 3}
 N - a plain deck of defence {drawn: 8}
Comestibles
 g - 20 meat rations


   Skills:
 + Level 22.1 Fighting
 + Level 25.9(26.4) Short Blades
 * Level 7.3(14.0) Long Blades
 - Level 2.1 Throwing
 + Level 8.0 Armour
 * Level 25.1 Dodging
 O Level 27 Stealth
 - Level 10.6 Spellcasting
 - Level 6.2 Translocations
 + Level 2.5 Transmutations
 + Level 4.2 Fire Magic
 + Level 4.3 Poison Magic
 O Level 27 Evocations


You had 39 spell levels left.
You knew the following spells:

 Your Spells              Type           Power        Failure   Level  Hunger
a - Apportation           Tloc           ###.......   1%          1    None
b - Blink                 Tloc           N/A          1%          2    None
c - Ignite Poison         Fire/Trmt/Pois ###.....     10%         3    ##.....
d - Cure Poison           Pois           ###.......   2%          2    None


Dungeon Overview and Level Annotations

Branches:
Dungeon (15/15)            Temple (1/1) D:5            Lair (8/8) D:9
  Swamp (4/4) Lair:5        Snake (4/4) Lair:5        Slime (6/6) Lair:8
    Orc (2/2) D:11            Elf (3/3) Orc:2        Vaults (5/5) D:14
  Crypt (0/3) Vaults:3     Depths (5/5) D:15           Hell (1/1)
    Dis (0/7) Hell            Geh (7/7) Hell            Coc (7/7) Hell
    Tar (0/7) Hell            Zot (4/5) Depths:5

Altars:
Ashenzari
Cheibriados
Dithmenos
Elyvilon
Fedhas
Gozag
Kikubaaqudgha
Makhleb
Nemelex Xobeh
Okawaru
Pakellas
Qazlal
Ru
Sif Muna
Trog
Vehumet
Xom
Yredelemnul
Zin
The Shining One
Beogh
Jiyva

Shops:
D:8 }   D:9 (   D:11 (   D:12 [   Orc:2 %([[   Snake:1 *   Vaults:4 *
Depths:1 =   Depths:2 [?*   Depths:3 %?!

Portals:
Hell: Depths:1 Depths:2 Depths:3 Depths:4 Depths:5
Abyss: Depths:1 Depths:4
Pandemonium: Depths:2 Depths:3

Annotations:
D:5 lightmor's ghost, novice MiBe
D:7 exclusion: oklob plant
Swamp:3 exclusion: 2 oklob plants
Elf:2 1 runed door, exclusion: 4 doors, Aizul


Innate Abilities, Weirdness & Mutations

You are small and have problems with some larger weapons.
You are carnivorous and can eat meat at any time.
(You are partially covered in rugged brown scales (AC +1, +3% HP).)
You can translocate small distances at will.


Message History

Birir sneers, "Quit, thou craven half-faced swadder!"
The Executioner completely misses you. x3
A shock serpent comes into view.
Unknown command.
You blink.
You feel slightly less full. Birir misses you.
The Executioner completely misses you. x3
The hellion gestures at you.
The damnation unfurls!
The damnation engulfs you!
* * * LOW HITPOINT WARNING * * *
The damnation engulfs the Executioner.
The damnation engulfs Birir.
The damnation engulfs the ice dragon.
Birir gestures at you.
The ice dragon completely misses you. x3; The Executioner misses you.
The Executioner hits you but does no damage.
The Executioner completely misses you.
The Killer Klown is engulfed in a cloud of scalding steam.
The hellion gestures at you.
The damnation unfurls!
The damnation engulfs you!
You die...
Pakellas says: Good help is so hard to find these days!

▓..uD.%...▓
▓▓▓▓▓▓▓uD2......▓▓▓▓▓▓▓
▓......H.Y.DD.........▓
▓|H)[ttp2H≈2D.........▓
▓):[(3c.ct≈#..........▓
▓∩§??.2S.Sp#4.........▓
▓>?[$..≈≈#&&.#.......∩▓
▓∩p!?..≈...#&.........▓
▓?!=:..§...#f1........▓
▓[?:!........D........▓
▓..............§......▓
▓▓▓▓.........▓▓▓▓▓▓▓
▓.%.......▓ ▓.........▓
▓.........▓ ▓▓▓▓▓▓▓▓▓▓▓


You could see Birir (inner flame), Mounyge, a Killer Klown (inner flame), 3 ice
dragons, a quicksilver dragon, an Executioner, a hellion (inner flame) and a
friendly ice devil.

Vanquished Creatures
  Asmodeus (Geh:7)
  the Royal Jelly (Slime:6)
  A pandemonium lord (Zig:3)
  5 shard shrikes
  the Lernaean hydra (Swamp:4)
  Saint Roka (Depths:4)
  A Killer Klown (Zig:6)
  Norris (Snake:4)
  2 curse toes
  7 caustic shrikes
  Geryon (Hell)
  Xtahua (Vaults:4)
  9 golden dragons
  2 electric golems
  5 Brimstone Fiends (Geh:7)
  9 tentacled monstrosities
  4 liches
  An Ice Fiend (Coc:2)
  A deep elf master archer (Elf:3)
  7 titans
  A deep elf blademaster (Elf:3)
  The ghost of schammes the Peltast, an adept HOFi of Qazlal (Depths:2)
  14 acid blobs
  4 death cobs
  The ghost of cba the Ninja, an adept FeEn of Dithmenos (Depths:4)
  7 sphinxes
  9 storm dragons
  A tentacled starspawn (Abyss:4)
  5 thorn hunters
  7 shadow dragons
  Frances (Elf:1)
  9 tengu reavers
  5 draconian monks
  5 greater nagas
  12 azure jellies
  15 vault wardens
  Donald (Vaults:3)
  12 balrugs
  16 fire giants
  6 deep elf sorcerers
  7 draconian scorchers
  Louise (Depths:1)
  A cacodemon (Zig:4)
  A ghost moth (Zot:2)
  7 frost giants
  7 draconian knights
  4 draconian zealots
  Maud (D:11)
  An iron dragon (Depths:2)
  A juggernaut zombie (Hell)
  2 caustic shrike zombies (Zig:11)
  8 draconian annihilators
  3 deep elf elementalists (Elf:3)
  6 draconian shifters
  10 reapers
  5 draconian callers
  2 war gargoyles
  14 ironheart preservers
  22 very ugly things
  30 stone giants
  4 vampire knights
  6 green draconians
  9 black draconians
  7 purple draconians
  7 deep elf demonologists
  10 yellow draconians
  6 deep elf annihilators
  6 red draconians
  3 lorocyprocas (Hell)
  A dire elephant (D:15)
  11 mottled draconians
  6 salamander stormcallers
  A black sun (Zig:4)
  7 spark wasps
  8 white draconians
  A green death (Hell)
  An eidolon (Vaults:3)
  2 blizzard demons
  28 vault guards
  2 quicksilver dragon zombies
  A minotaur (Lab)
  Snorg (Lair:5)
  3 jiangshi (Depths:1)
  16 ettins
  7 death oozes
  15 yaktaur captains
  23 fire dragons
  A kraken zombie (Coc:1)
  Josephine (D:15)
  6 deep elf death magi
  13 great orbs of eyes
  2 entropy weavers
  20 ice dragons
  2 rakshasas (Depths:1)
  27 hydras
  9 deep elf high priests
  3 spriggan air magi (Depths:2)
  A ghost crab (Swamp:4)
  10 anacondas
  3 catoblepae
  32 naga warriors
  7 centaur warriors
  15 ogre magi
  2 death knights
  12 deep troll shamans
  15 dancing weapons
  6 alligators
  2 death yaks
  A death yak (shapeshifter) (Zig:6)
  3 tengu warriors
  3 vampire magi
  2 titan zombies
  A queen ant (shapeshifter) (Depths:4)
  4 thrashing horrors
  A storm dragon zombie (Zig:11)
  15 deep troll earth magi
  7 shock serpents
  2 iron golems
  5 hell hogs
  3 soul eaters
  8 hell knights
  19 naga sharpshooters
  3 spriggan berserkers
  4 orc high priests
  3 fire crabs
  8 sun demons
  5 skeletal warriors (D:13)
  Sonja (D:11)
  20 deep elf knights
  3 titan skeletons
  2 wretched stars (Zig:9)
  A shadow wraith (Abyss:4)
  A death scarab (Zig:10)
  An infernal demonspawn (Depths:3)
  2 golden dragon zombies (Zig:11)
  3 iron trolls
  A spark wasp zombie (Depths:1)
  An unseen horror (shapeshifter) (Vaults:3)
  A ghost moth zombie (Coc:5)
  6 unseen horrors
  3 spriggan druids
  44 deep trolls
  4 anaconda zombies
  A flayed ghost (Geh:2)
  3 storm dragon skeletons
  12 swamp dragons
  3 salamander mystics (Snake:4)
  13 hill giants
  5 giant orange brains
  10 starcursed masses
  22 deep elf archers
  4 naga ritualists
  7 ironbrand convokers
  3 tengu zombies
  2 anaconda skeletons (Geh:7)
  2 lindwurms
  A wolf spider zombie (Geh:7)
  5 shambling mangroves
  7 necromancers
  21 orc knights
  A harpy (shapeshifter) (Vaults:1)
  5 phantasmal warriors
  2 shadow dragon zombies
  2 iron dragon zombies
  An orb spider (shapeshifter) (Vaults:5)
  A stone giant zombie (Vaults:3)
  A frost giant zombie (Zig:11)
  9 mana vipers
  55 ugly things
  A shadow dragon skeleton (Geh:7)
  2 hornets
  58 deep elf magi
  3 wizards
  A tengu skeleton (Depths:2)
  30 blink frogs
  2 manticores
  2 shining eyes
  3 fire giant zombies
  9 orc sorcerers
  A moth of wrath (shapeshifter) (Zig:6)
  6 griffons
  5 wolf spiders
  20 cyclopes
  A salamander (shapeshifter) (Vaults:1)
  7 salamanders
  12 komodo dragons
  A cyclops (shapeshifter) (Vaults:4)
  3 fire giant skeletons
  A sixfirhy (Depths:3)
  2 ice statues (IceCv)
  5 guardian serpents
  5 moths of wrath
  3 rust devils (Hell)
  13 elephants
  A frost giant skeleton (Geh:7)
  An iron dragon skeleton (Geh:4)
  4 smoke demons
  47 black mambas
  3 stone giant skeletons
  6 molten gargoyles
  16 vault sentinels
  2 dire elephant zombies
  A spriggan zombie (Hell)
  2 black mambas (shapeshifter)
  16 hellions
  31 naga magi
  A gargoyle (D:15)
  2 yaktaur zombies
  An eye of devastation (Slime:6)
  2 orange demons
  19 spiny frogs
  3 yaktaurs (shapeshifter)
  19 freezing wraiths
  5 kobold demonologists
  8 ice devils
  A rime drake (Lair:2)
  57 yaktaurs
  2 ancient zymes
  6 tormentors
  6 efreet
  2 spriggan skeletons
  3 hellwings
  3 tengu conjurers
  5 hydra zombies
  2 harpy zombies
  11 red devils
  A jumping spider (Lair:8)
  A queen bee (Lair:2)
  2 hydra skeletons
  7 trolls
  A human skeleton (Vaults:5)
  21 two-headed ogres
  A minotaur skeleton (Geh:7)
  A polar bear (shapeshifter) (Vaults:2)
  A large abomination (Abyss:4)
  2 giant leeches (Swamp:1)
  80 slime creatures
  A two-headed ogre (shapeshifter) (Zig:6)
  2 polar bears
  5 bog bodies
  8 boulder beetles
  3 raiju
  A raiju (shapeshifter) (Vaults:1)
  2 deep troll zombies (Hell)
  3 alligator zombies
  16 flying skulls
  27 redbacks
  9 air elementals
  2 redbacks (shapeshifter)
  A vampire (D:14)
  2 ettin skeletons (Geh:2)
  7 shadows
  A yak (shapeshifter) (Vaults:3)
  12 water elementals
  11 wyverns
  2 spriggan simulacra
  5 small abominations
  16 wraiths
  13 spriggans
  A tarantella (Depths:2)
  16 fire elementals
  A hog (shapeshifter) (Vaults:3)
  36 vampire mosquitoes
  5 chaos spawn
  72 yaks
  A basilisk (Lair:8)
  11 hippogriffs
  9 hungry ghosts
  2 neqoxecs
  5 wargs
  4 insubstantial wisps (Swamp:2)
  5 mottled dragons
  46 nagas
  2 spiny frog zombies (Coc:1)
  2 soldier ants
  11 swamp worms
  19 water moccasins
  2 hydra simulacra
  4 giant eyeballs (shapeshifter)
  A giant eyeball (Depths:2)
  17 hell hounds
  13 swamp drakes
  2 eyes of draining
  An alligator simulacrum (Coc:1)
  16 porcupines
  3 sky beasts
  A swamp drake (shapeshifter) (Vaults:5)
  43 orc warriors
  24 ice beasts
  2 spiny frog skeletons
  A black bear (D:11)
  2 manticore zombies
  A black bear (shapeshifter) (Vaults:4)
  5 necrophages
  28 wasps
  An ettin simulacrum (Depths:1)
  37 ogres
  5 boggarts (Vaults:1)
  5 phantoms
  14 wolves
  14 crocodiles
  A snapping turtle skeleton (Geh:6)
  21 centaurs
  7 big kobolds
  27 giant frogs
  3 human zombies
  The ghost of raetorn the Ducker, an amateur FeMo (D:4)
  A giant frog (shapeshifter) (Vaults:5)
  A glowing shapeshifter simulacrum (Depths:2)
  An earth elemental (Elf:2)
  23 killer bees
  3 scorpions
  37 wights
  2 electric eels (Elf:1)
  4 howler monkeys
  4 quasits
  3 centaur zombies
  A giant frog zombie (D:8)
  8 crimson imps
  3 giant frog skeletons
  5 hounds
  8 centaur skeletons
  23 orc priests
  11 jellies
  3 iron imps
  A lightning spire (Zig:8)
  11 iguanas
  31 orc wizards
  A troll simulacrum (Hell)
  10 worker ants
  16 sheep
  A hound zombie (D:6)
  A hound skeleton (D:9)
  A howler monkey zombie (D:10)
  Robin (D:3)
  A howler monkey skeleton (D:7)
  A gnoll (D:1)
  A worker ant zombie (D:7)
  25 adders
  46 river rats
  A shadow imp (D:12)
  16 white imps
  An ufetubus (Depths:3)
  An adder zombie (D:5)
  An adder skeleton (D:8)
  3 worms
  3 giant geckos
  101 orcs
  10 bats
  9 giant cockroaches
  16 goblins
  11 hobgoblins
  A quokka (D:12)
  7 ball pythons
  A giant cockroach zombie (D:5)
  4 giant newts
  A jackal skeleton (D:9)
  42 kobolds
  17 rats
  4 briar patches (Swamp:3)
  A crawling corpse (Elf:3)
  A fire vortex (Geh:2)
  3 fungi
  7 lost souls (Hell)
  7 plants
  A starspawn tentacle (Abyss:4)
2956 creatures vanquished.

Vanquished Creatures (collateral kills)
  A caustic shrike (Depths:2)
  A golden dragon (Vaults:4)
  2 bone dragons
  A pandemonium lord (Zig:4)
  Jorgrun (Snake:4)
  4 tentacled monstrosities
  An Ice Fiend (Coc:5)
  A deep elf blademaster (Elf:3)
  An acid blob (Slime:6)
  A storm dragon (Vaults:5)
  A thorn hunter (Swamp:1)
  A tengu reaver (Vaults:5)
  2 sphinxes (Vaults:5)
  A shadow dragon (Vaults:5)
  2 greater nagas
  A vault warden (Vaults:3)
  3 deep elf sorcerers
  A draconian shifter (Zig:7)
  2 deep elf elementalists
  A reaper (Zig:3)
  A stone giant (Vaults:4)
  A draconian caller (Zig:7)
  An ironheart preserver (Vaults:5)
  2 very ugly things (Vaults:5)
  A black draconian (Zot:4)
  A green draconian (Zot:4)
  2 deep elf demonologists
  A purple draconian (Zot:4)
  A yellow draconian (Zig:7)
  2 deep elf annihilators (Elf:3)
  The ghost of dodik the Severer, a journeyman HOGl of Ashenzari (Lair:5)
  A white draconian (Zot:4)
  A deep elf death mage (Vaults:4)
  A vault guard (Vaults:2)
  An ogre mage (Depths:2)
  7 dancing weapons
  A death knight (D:14)
  A naga sharpshooter (Snake:4)
  4 shock serpents
  A sun demon (Geh:7)
  A thrashing horror (Zig:9)
  4 deep elf knights
  A wretched star (Zig:9)
  2 skeletal warriors (Coc:5)
  A death scarab (Zig:10)
  A small abomination (Elf:3)
  A naga ritualist (Snake:4)
  A deep troll (Vaults:5)
  A giant orange brain (Vaults:3)
  3 deep elf archers (Elf:1)
  3 ironbrand convokers (Vaults:2)
  9 deep elf magi
  2 stone giant zombies (Geh:7)
  2 ugly things (Vaults:5)
  A shining eye (Slime:6)
  4 elephants (Lair:5)
  A molten gargoyle (Geh:7)
  2 black mambas (Snake:4)
  4 naga magi
  A guardian serpent (Snake:3)
  A spiny frog (Lair:5)
  A smoke demon (Geh:7)
  A komodo dragon (Lair:2)
  5 ice devils
  4 yaktaurs
  A hydra zombie (Hell)
  3 red devils
  A minotaur zombie (Geh:7)
  4 two-headed ogres
  2 slime creatures (Vaults:2)
  2 fire dragon zombies (Geh:7)
  An ettin zombie (Coc:6)
  3 blink frogs
  3 flying skulls
  3 air elementals
  2 water elementals
  6 yaks
  A wraith (Geh:2)
  A fire elemental (Zig:9)
  A hippogriff (Lair:5)
  2 nagas
  A hell hound (Geh:7)
  2 water moccasins
  3 spiny frog zombies
  A black bear (shapeshifter) (Zig:12)
  3 ogres
  A snapping turtle skeleton (Geh:7)
  3 crocodiles
  An earth elemental (Elf:1)
  6 wights
  4 killer bees (Lair:2)
  2 starcursed masses (Zig:9)
  An orc priest (Vaults:2)
  An orc wizard (D:9)
  An iguana (Lair:1)
  An iron imp (Abyss:4)
  3 orcs
  A plant (Lair:7)
189 creatures vanquished.

Vanquished Creatures (others)
  2 liches
  An eldritch tentacle (Coc:3)
  A draconian knight (Zot:2)
  A deep elf elementalist (Elf:3)
  A very ugly thing (Zig:12)
  2 draconian callers
  A chaos champion (Zig:6)
  A black draconian (Zot:1)
  A yellow draconian (Zot:4)
  A great orb of eyes (Depths:3)
  An ogre mage (Depths:4)
  A thrashing horror (Zig:9)
  An iron troll (Depths:3)
  3 deep elf archers
  A wasp (Lair:8)
  A deep elf mage (Elf:1)
  A cyclops (Vaults:1)
  A black mamba (Lair:8)
  A shock serpent skeleton (Coc:4)
  A yaktaur (Depths:3)
  2 hydra skeletons (Hell)
  A blink frog (Lair:1)
  2 slime creatures (Swamp:4)
  A large abomination (Zig:9)
  A raiju (shapeshifter) (Depths:3)
  An ice dragon zombie (Geh:7)
  2 porcupines
  A hippogriff (Lair:7)
  A naga (Snake:4)
  A centaur (Depths:3)
  A human (D:2)
  A crocodile (Lair:8)
  A spiny frog simulacrum (Hell)
  A killer bee (Lair:2)
  A starcursed mass (Zig:9)
  An iron imp (Hell)
  A briar patch (Swamp:3)
  A bush (Depths:3)
  A crawling corpse (Elf:3)
  81 eldritch tentacle segments (Coc:3)
  55 fungi
  A lost soul (Hell)
  2 lurking horrors (Abyss:4)
  53 plants
  A starspawn tentacle (Abyss:4)
  A starspawn tentacle segment (Abyss:4)
240 creatures vanquished.

Grand Total: 3385 creatures vanquished

Notes
Turn   | Place    | Note
--------------------------------------------------------------
     0 | D:1      | RepoMan the Kobold Assassin began the quest for the Orb.
     0 | D:1      | Reached XP level 1. HP: 12/12 MP: 1/1
   190 | D:1      | Reached XP level 2. HP: 17/17 MP: 2/2
   351 | D:1      | Reached XP level 3. HP: 21/21 MP: 3/3
   611 | D:2      | Found an ancient bone altar of Kikubaaqudgha.
   611 | D:2      | Noticed a human
   614 | D:2      | Killed a human
   655 | D:2      | Found an iron altar of Okawaru.
  1185 | D:3      | Noticed Robin
  1191 | D:2      | Reached XP level 4. HP: 24/26 MP: 4/4
  1242 | D:3      | Found a glowing drain.
  1266 | Sewer    | Entered a sewer
  1739 | Sewer    | Reached XP level 5. HP: 28/30 MP: 5/5
  2236 | Sewer    | Reached XP level 6. HP: 7/35 MP: 6/6
  2633 | Sewer    | Reached skill level 5 in Short Blades
  3107 | D:3      | Killed Robin
  3107 | D:3      | Reached XP level 7. HP: 40/40 MP: 7/7
  3600 | D:4      | Noticed raetorn's ghost (amateur FeMo)
  3957 | D:4      | Reached skill level 1 in Evocations
  4147 | D:4      | Found an opulent altar of Gozag.
  4197 | D:4      | Killed raetorn's ghost
  4449 | D:4      | Found a snail-covered altar of Cheibriados.
  4449 | D:4      | Found an ancient bone altar of Kikubaaqudgha.
  4657 | D:4      | Reached XP level 8. HP: 27/44 MP: 9/9
  4804 | D:4      | Reached skill level 5 in Dodging
  5011 | D:5      | Entered Level 5 of the Dungeon
  5441 | D:5      | Found a staircase to the Ecumenical Temple.
  5451 | Temple   | Entered the Ecumenical Temple
  5489 | Temple   | Became a worshipper of Pakellas the Inventive
  5611 | D:5      | Found a basalt altar of Yredelemnul.
  5666 | D:5      | Noticed lightmor's ghost (novice MiBe)
  5808 | D:6      | Reached skill level 10 in Stealth
  6578 | D:6      | Reached XP level 9. HP: 29/48 MP: 11/11
  7020 | D:7      | Found a basalt altar of Yredelemnul.
  7020 | D:7      | Noticed an oklob plant
  7445 | D:6      | Reached * piety under Pakellas
  7445 | D:6      | Received a gift from Pakellas
  7987 | D:7      | Reached skill level 5 in Evocations
  8458 | D:7      | Reached XP level 10. HP: 54/54 MP: 14/14
  8483 | D:7      | Reached ** piety under Pakellas
  8483 | D:7      | Received a gift from Pakellas
  9098 | D:8      | Found Loevy's Gadget Emporium.
  9124 | D:8      | Bought a wand of paralysis (10/24) for 180 gold pieces
  9556 | D:9      | Reached *** piety under Pakellas
  9556 | D:9      | Received a gift from Pakellas
  9571 | D:9      | Found a staircase to the Lair.
 10000 | D:9      | Found a radiant altar of Vehumet.
 10145 | D:9      | Found Watecs's Weapon Shop.
 10205 | D:9      | Found a burning altar of Makhleb.
 10294 | D:10     | Entered Level 10 of the Dungeon
 10477 | D:10     | Reached skill level 5 in Fighting
 10477 | D:10     | Reached XP level 11. HP: 55/63 MP: 13/16
 10565 | D:10     | Found a basalt altar of Yredelemnul.
 10671 | D:10     | Reached **** piety under Pakellas
 10671 | D:10     | Received a gift from Pakellas
 10750 | D:10     | Noticed a hill giant
 10802 | D:10     | Killed a hill giant
 11140 | D:11     | Found Wimaor's Antique Weapon Shoppe.
 11317 | Lair:1   | Entered Level 1 of the Lair of Beasts
 11347 | Lair:1   | Reached skill level 10 in Short Blades
 11803 | Lair:1   | Reached skill level 15 in Stealth
 11830 | Lair:1   | Reached ***** piety under Pakellas
 11830 | Lair:1   | Received a gift from Pakellas
 11932 | Lair:1   | Identified a +6 rod of clouds (14/14) (Pakellas gifted it to you on level 1 of the Lair of Beasts)
 12026 | Lair:1   | Reached XP level 12. HP: 71/71 MP: 18/18
 12493 | Lair:2   | Reached skill level 10 in Dodging
 12799 | Lair:2   | Got a spiked leather armour
 12810 | Lair:2   | Identified the +2 leather armour of Baldness {rC- Str+3 Dex+2 Slay+3} (You found it on level 2 of the Lair of Beasts)
 13436 | Lair:3   | Noticed a seven-headed hydra
 13562 | Lair:3   | Killed a seven-headed hydra
 14015 | Lair:3   | Reached XP level 13. HP: 78/78 MP: 20/20
 14020 | Lair:3   | Reached ****** piety under Pakellas
 14277 | Lair:3   | Noticed a six-headed hydra
 14278 | Lair:3   | Killed a six-headed hydra
 14660 | Lair:4   | Reached skill level 10 in Evocations
 15616 | Lair:5   | Noticed dodik's ghost (journeyman HOGl)
 15682 | Lair:5   | Killed dodik's ghost
 15724 | Lair:5   | Noticed Snorg
 15740 | Lair:5   | Killed Snorg
 15888 | Lair:5   | You fall through a shaft for 2 floors!
 16310 | Lair:5   | Noticed a six-headed hydra
 16323 | Lair:5   | Killed a six-headed hydra
 16352 | Lair:5   | Found a staircase to the Snake Pit.
 16450 | Lair:5   | Reached XP level 14. HP: 69/86 MP: 19/22
 16673 | Lair:5   | Found a staircase to the Swamp.
 18855 | Lair:8   | Entered Level 8 of the Lair of Beasts
 19233 | Lair:8   | Reached skill level 10 in Fighting
 19722 | Lair:8   | Reached XP level 15. HP: 92/92 MP: 23/23
 20083 | Lair:8   | Got a steaming leather armour
 20114 | Lair:8   | Identified the +2 leather armour of Lesser Demons {rC+ rCorr} (You found it on level 8 of the Lair of Beasts)
 20413 | Lair:8   | Found a staircase to the Slime Pits.
 20413 | Lair:8   | Found a viscous altar of Jiyva.
 20963 | D:11     | Noticed Maud
 20980 | D:11     | Noticed Sonja
 20981 | D:11     | Killed Sonja
 20994 | D:11     | Killed Maud
 21219 | D:11     | Found a staircase to the Orcish Mines.
 21692 | Orc:1    | Entered Level 1 of the Orcish Mines
 21790 | Orc:1    | Found a roughly hewn altar of Beogh.
 22262 | Orc:2    | Entered Level 2 of the Orcish Mines
 22561 | Orc:2    | Found a staircase to the Elven Halls.
 22742 | Orc:2    | Found Ifruyba's Food Shop.
 22754 | Orc:2    | Found Zogugh's Antique Armour Emporium.
 22981 | Orc:2    | Found Vomm's Weapon Shop.
 23004 | Orc:2    | Found Vivoodoo's Armour Emporium.
 23008 | Orc:2    | Bought the +1 ratskin cloak {rPois rN+ Int-1 Dex-1} for 310 gold pieces
 23476 | Swamp:1  | Entered Level 1 of the Swamp
 23737 | Swamp:1  | Noticed a thorn hunter
 23746 | Swamp:1  | Gained mutation: You are occasionally teleported next to monsters. [helix card]
 23754 | Swamp:1  | Killed a thorn hunter
 23754 | Swamp:1  | Reached XP level 16. HP: 77/100 MP: 17/25
 24202 | Swamp:1  | Drew Focus: Dex increased to 26, Str decreased to 8
 24203 | Swamp:1  | Lost mutation: You are occasionally teleported next to monsters. [helix card]
 25812 | D:12     | Found Hocoupe's Armour Boutique.
 25855 | D:12     | Found a labyrinth entrance.
 25956 | Lab      | Entered a labyrinth
 26387 | Lab      | Got a heavily runed marble ring
 26388 | Lab      | Got a transparent trident
 26568 | D:12     | Bought a pearl dragon hide for 1260 gold pieces
 26568 | D:12     | Bought a +0 pair of boots of running for 441 gold pieces
 26968 | D:13     | Found a frozen archway.
 27016 | IceCv    | Entered an ice cave
 27030 | IceCv    | Reached skill level 15 in Short Blades
 27614 | IceCv    | Got a warped ruby amulet
 27631 | IceCv    | Identified the ring "Ejoec" {Fire Stlth+} (You found it in a labyrinth)
 27652 | IceCv    | Identified the +9 trident "Qoist" {pierce, +Rage} (You found it in a labyrinth)
 28014 | Lair:2   | Upgraded the game from 0.18.1-5-g4a78601 to 0.18.1-6-gd335043
 29003 | D:14     | Reached XP level 17. HP: 99/106 MP: 27/27
 29139 | D:14     | Found a gate to the Vaults.
 29488 | D:15     | Entered Level 15 of the Dungeon
 29865 | D:15     | Noticed Josephine
 29876 | D:15     | Killed Josephine
 30079 | D:15     | Found a staircase to the Depths.
 30215 | D:15     | Identified the amulet "Azapnock" {Faith +Fly MR+ Str+2} (You found it in an ice cave)
 30363 | D:15     | Found a burning altar of Makhleb.
 30789 | Lair:2   | Upgraded the game from 0.18.1-6-gd335043 to 0.18.1-8-gdd0e5ea
 30967 | Elf:1    | Entered Level 1 of the Elven Halls
 31399 | Elf:1    | Noticed Frances
 31534 | Elf:1    | Reached skill level 15 in Evocations
 31638 | Elf:1    | Reached skill level 15 in Dodging
 32833 | Elf:1    | Reached XP level 18. HP: 108/113 MP: 29/29
 32847 | Elf:1    | Killed Frances
 33662 | Elf:2    | Noticed a Brimstone Fiend
 34618 | Elf:2    | Found a runed door.
 34654 | Elf:2    | Found a runed door.
 35695 | Snake:1  | Entered Level 1 of the Snake Pit
 35892 | Snake:1  | Found Cesahij's Assorted Antiques.
 35897 | Snake:1  | Bought a scroll of summoning for 237 gold pieces
 35897 | Snake:1  | Bought a potion of curing for 75 gold pieces
 35897 | Snake:1  | Bought 2 potions of berserk rage for 250 gold pieces
 35897 | Snake:1  | Bought a scroll of enchant armour for 187 gold pieces
 36547 | Snake:1  | Found an opulent altar of Gozag.
 38981 | Snake:3  | Reached XP level 19. HP: 100/119 MP: 9/31
 40781 | Snake:4  | Entered Level 4 of the Snake Pit
 40943 | Snake:4  | Noticed Norris
 40994 | Snake:4  | Killed Norris
 41188 | Snake:4  | Noticed Jorgrun
 41204 | Snake:4  | Killed Jorgrun
 43048 | Snake:4  | Reached XP level 20. HP: 124/126 MP: 19/32
 43993 | Snake:4  | Got a serpentine rune of Zot
 45338 | Elf:3    | Entered Level 3 of the Elven Halls
 45800 | Elf:2    | Noticed Aizul
 46010 | Elf:3    | Noticed a Tzitzimitl
 46011 | Elf:3    | Noticed a Brimstone Fiend
 46015 | Elf:2    | Noticed a Hell Sentinel
 47793 | Swamp:4  | Entered Level 4 of the Swamp
 48291 | Swamp:4  | Noticed the 27-headed Lernaean hydra
 48867 | Swamp:4  | Killed the 27-headed Lernaean hydra
 48867 | Swamp:4  | Reached skill level 27 in Stealth
 49039 | Swamp:4  | Reached XP level 21. HP: 130/131 MP: 22/34
 49260 | Swamp:4  | Got a decaying rune of Zot
 50420 | Vaults:1 | Entered Level 1 of the Vaults
 51013 | Vaults:1 | Identified a scroll of acquirement
 51031 | Vaults:1 | Identified a +4 rod of clouds (9/9) (You acquired it on level 1 of the Vaults)
 54819 | Vaults:2 | Reached XP level 22. HP: 138/138 MP: 13/36
 55239 | Vaults:2 | Found a roughly hewn altar of Beogh.
 56004 | Vaults:3 | Reached skill level 15 in Fighting
 56006 | Vaults:3 | Found a staircase to the Crypt.
 57084 | Vaults:3 | Noticed Donald
 57133 | Vaults:3 | Killed Donald
 57371 | Vaults:3 | Got a polished shield
 58469 | Vaults:4 | Noticed Xtahua
 58475 | Vaults:4 | Killed Xtahua
 58941 | Vaults:4 | Found Ibraheg's Assorted Antiques.
 59092 | Vaults:4 | Reached XP level 23. HP: 117/145 MP: 37/37
 60048 | Lair:2   | Identified the cursed -8 shield of the Ten Beggars {rCorr Int+5 Dex+3} (You took it off Donald on level 3 of the Vaults)
 60427 | Vaults:5 | Entered Level 5 of the Vaults
 60431 | Vaults:5 | Noticed a golden dragon
 60560 | Vaults:4 | Cast into level 3 of the Abyss (a deep elf demonologist)
 60731 | Abyss:4  | Noticed a profane servitor
 60776 | Abyss:4  | Noticed a profane servitor
 61044 | Abyss:4  | Found a shimmering altar of Xom.
 61147 | Abyss:4  | Found a corrupted altar of Lugonu.
 61165 | Abyss:4  | Got a transparent plate armour
 61191 | Vaults:4 | Escaped the Abyss
 62088 | Vaults:4 | Killed a golden dragon
 65225 | Vaults:5 | Reached XP level 24. HP: 102/154 MP: 15/38
 65385 | Vaults:5 | Got a silver rune of Zot
 65549 | Vaults:5 | Got a pitted hand crossbow
 65550 | Vaults:5 | Identified the cursed +1 hand crossbow of Ycutt {flame, +Inv rElec MP+9} (You found it on level 5 of the Vaults)
 65926 | Vaults:5 | Noticed a golden dragon
 66835 | Vaults:5 | Got an encrusted long sword {slice}
 67045 | Vaults:5 | Killed a golden dragon
 67473 | Vaults:5 | Identified the cursed +1 long sword of Pandemonium {slice, *Corrode rPois Int+6 Dex+3 SInv} (You took it off a vault warden on level 5 of the Vaults)
 67865 | Vaults:5 | Got a dazzling chain mail
 68415 | Vaults:5 | Got a faintly glowing cloak
 68451 | Vaults:5 | Got a transparent chain mail
 69065 | Lair:2   | Identified the cursed -1 cloak of Oschea Yrucs {rPois Str+4} (You found it on level 5 of the Vaults)
 69075 | Lair:2   | Identified the +2 chain mail of Iruikeoc {Regen+} (You found it on level 5 of the Vaults)
 69085 | Lair:2   | Identified the +2 chain mail "Lugow" {Int+3} (You found it on level 5 of the Vaults)
 69095 | Lair:2   | Identified the +9 plate armour "Rareoj" {rF++ Regen+ Str-5 Int-2} (You found it on level 4 of the Abyss)
 69468 | Elf:3    | Reached XP level 25. HP: 122/160 MP: 15/38
 70086 | Elf:3    | Got a warped leather armour
 70167 | Elf:2    | Identified the +4 leather armour of Qofeishe {rF+} (You took it off a deep elf high priest on level 3 of the Elven Halls)
 70322 | Elf:3    | Got a pitted quarterstaff {antimagic}
 70961 | Elf:3    | Got a bloodstained dagger {venom}
 70966 | Elf:3    | Identified the +11 dagger of Valuable Assets {venom, -Tele +Inv Int+5} (You took it off a deep elf demonologist on level 3 of the Elven Halls)
 70995 | Elf:3    | Got a smoking scimitar {slice}
 70999 | Elf:3    | Identified the Papyrus of Spatial Dark Rituals
 71005 | Elf:3    | Identified the Incunabulum of Sinister Secrets and Stones
 71012 | Elf:3    | Identified the Handbook of Moulding (You found it on level 3 of the Elven Halls)
 71419 | Elf:3    | Got a pair of warped gloves
 71453 | Elf:3    | Identified the +3 pair of gloves of Iposew Kato {rPois} (You found it on level 3 of the Elven Halls)
 71576 | Elf:3    | Identified Ifyl's Tome of Sinister Summoning
 71969 | Lair:2   | Identified the +4 quarterstaff of Annoyance {antimagic, +Fly rPois MR- Str+7 Stlth-} (You took it off a deep elf elementalist on level 3 of the Elven Halls)
 71970 | Lair:2   | Identified the +7 scimitar "Soetyuso" {slice, rF+} (You took it off a deep elf elementalist on level 3 of the Elven Halls)
 72220 | Depths:1 | Entered Level 1 of the Depths
 72400 | Depths:1 | Found a one-way gate to the infinite horrors of the Abyss.
 72406 | Depths:1 | Noticed Louise
 72408 | Depths:1 | Killed Louise
 73098 | Depths:1 | Found a gateway to Hell.
 73115 | Depths:1 | Found Yxuregel's Jewellery Boutique.
 73421 | Depths:2 | Found Caergh's Magic Scroll Shop.
 73426 | Depths:2 | Bought a scroll of immolation for 38 gold pieces
 73426 | Depths:2 | Bought a scroll of identify for 22 gold pieces
 73426 | Depths:2 | Bought a scroll of identify for 22 gold pieces
 73426 | Depths:2 | Bought a scroll of identify for 22 gold pieces
 73426 | Depths:2 | Bought a scroll of identify for 22 gold pieces
 73426 | Depths:2 | Bought a scroll of enchant armour for 82 gold pieces
 73580 | Depths:2 | Found a glowing golden altar of the Shining One.
 73601 | Depths:2 | Noticed schammes's ghost (adept HOFi)
 73616 | Depths:2 | Killed schammes's ghost
 73933 | Depths:2 | Noticed a caustic shrike
 73935 | Depths:2 | Noticed a caustic shrike
 73948 | Depths:2 | Killed a caustic shrike
 74129 | Depths:2 | Noticed a caustic shrike
 74133 | Depths:2 | Killed a caustic shrike
 74146 | Depths:2 | Noticed a caustic shrike
 74148 | Depths:2 | Noticed a caustic shrike
 74161 | Depths:2 | Killed a caustic shrike
 74163 | Depths:2 | Killed a caustic shrike
 74185 | Depths:2 | Got a flickering pewter amulet
 74211 | Depths:2 | Got an iridescent short sword {pierce}
 74219 | Depths:2 | Killed a caustic shrike
 74249 | Depths:2 | Identified the cursed +1 short sword of the Solstice {pierce, Dex+3} (You took it off a spriggan air mage on level 2 of the Depths)
 74252 | Depths:2 | Identified the amulet "Sizocs" {Faith Str+4} (You took it off an ogre mage on level 2 of the Depths)
 74851 | Depths:2 | Reached XP level 26. HP: 168/168 MP: 39/39
 75860 | Depths:2 | Found Fiuw's General Store.
 76498 | Depths:2 | Found Vuitzyi's Armour Emporium.
 76687 | Depths:2 | Found a one-way gate leading to the halls of Pandemonium.
 77668 | Depths:3 | Found Maucef's Food Boutique.
 77949 | Depths:3 | Found Dusar's Magic Scroll Shoppe.
 77984 | Depths:3 | Bought a scroll of identify for 30 gold pieces
 77984 | Depths:3 | Bought a scroll of holy word for 112 gold pieces
 77984 | Depths:3 | Bought a scroll of identify for 30 gold pieces
 77984 | Depths:3 | Bought a scroll of identify for 30 gold pieces
 78138 | Depths:3 | Found Facuif's Distillery.
 78223 | Depths:3 | Bought a potion of cure mutation for 425 gold pieces
 79127 | Depths:3 | Reached XP level 27. HP: 167/176 MP: 28/39
 79984 | Depths:3 | Got a slimy chain mail
 80573 | Depths:4 | Found a gateway to a ziggurat.
 80676 | Depths:4 | Noticed Saint Roka
 80694 | Depths:4 | Killed Saint Roka
 80851 | Depths:4 | Identified the +2 chain mail of the Good {*Drain rElec Slay+4} (You found it on level 3 of the Depths)
 81494 | Depths:4 | Noticed cba's ghost (adept FeEn)
 81509 | Depths:4 | Killed cba's ghost
 81935 | Depths:4 | Got a faintly glowing short sword
 81936 | Depths:4 | Identified the +5 short sword "Iggueps" {vamp, rC- Dex+5} (You found it on level 4 of the Depths)
 82535 | Depths:5 | Entered Level 5 of the Depths
 84385 | Depths:5 | Found a gate to the Realm of Zot.
 84563 | Depths:4 | Reached skill level 27 in Evocations
 85157 | Slime:1  | Entered Level 1 of the Pits of Slime
 85342 | Slime:1  | Gained mutation: Your magical capacity is low (-10% MP). [a shining eye]
 85514 | Slime:6  | Entered Level 6 of the Pits of Slime
 86327 | Slime:6  | Noticed the Royal Jelly
 87417 | Slime:6  | Found a viscous altar of Jiyva.
 87464 | Slime:6  | Killed the Royal Jelly
 87640 | Slime:6  | Got a steaming robe
 87698 | Slime:6  | Got a warped mace
 87701 | Slime:6  | Got a slimy rune of Zot
 87761 | Slime:6  | Identified the Disquisition on Destructive Aid
 87803 | Slime:6  | Identified the +3 mace "Jemaror" {crush, *Contam +Inv Int+4 Dex+3} (You found it on level 6 of the Pits of Slime)
 87804 | Slime:6  | Identified the cursed +1 robe "Tuunurah" {MR- Regen+ SInv Stlth+} (You found it on level 6 of the Pits of Slime)
 88504 | Zot:1    | Entered Level 1 of the Realm of Zot
 88524 | Zot:1    | Reached skill level 1 in Long Blades
 88524 | Zot:1    | Reached skill level 1 in Spellcasting
 88883 | Zot:1    | Got a jewelled ring mail
 88884 | Zot:1    | Identified the +3 ring mail of Xoynetie {rN+} (You found it on level 1 of the Realm of Zot)
 89798 | Zot:2    | Learned a level 1 spell: Apportation
 89802 | Zot:2    | Learned a level 2 spell: Blink
 90079 | Zot:2    | Reached skill level 1 in Translocations
 90203 | Zot:2    | Reached skill level 1 in Armour
 91336 | Zot:2    | Reached skill level 5 in Spellcasting
 91740 | Zot:3    | Reached skill level 5 in Long Blades
 93818 | Zot:4    | Reached skill level 5 in Translocations
 94079 | Zot:4    | Got a brightly glowing leather armour
 94080 | Zot:4    | Identified the +4 leather armour of the Enchanted Forest {rPois Int+2 Dex+2} (You found it on level 4 of the Realm of Zot)
 94127 | Zot:4    | Got a bloodstained cloak
 94128 | Zot:4    | Identified the cursed +0 cloak of Impermeability {Regen+ Slay+3} (You found it on level 4 of the Realm of Zot)
 95383 | Hell     | Entered the Vestibule of Hell
 95383 | Hell     | Noticed Geryon
 95389 | Hell     | Killed Geryon
 95611 | Hell     | Found a gateway to the Iron City of Dis.
 95812 | Hell     | Reached skill level 5 in Armour
 96011 | Hell     | Found a gateway to the freezing wastes of Cocytus.
 96088 | Hell     | Found a gateway to the decaying netherworld of Tartarus.
 96342 | Hell     | Found a gateway to the ashen valley of Gehenna.
 96980 | Geh:1    | Entered Level 1 of Gehenna
 97554 | Geh:6    | Gained mutation: You expend magic power (3 MP) to strengthen your wands. [mutagenic glow]
 97589 | Geh:7    | Entered Level 7 of Gehenna
 97638 | Geh:7    | Gained mutation: Your spells are a little easier to cast, but a little less powerful. [mutagenic glow]
 98127 | Geh:7    | Identified Enukhlal's Lost Grimoire of the Archmage
 98361 | Geh:7    | Reached skill level 10 in Spellcasting
 98475 | Geh:7    | Noticed Asmodeus
 98484 | Geh:7    | Killed Asmodeus
 98513 | Geh:7    | Got an obsidian rune of Zot
 99562 | Lair:2   | Learned a level 3 spell: Ignite Poison
 99862 | Coc:1    | Entered Level 1 of Cocytus
 99957 | Coc:3    | Reached skill level 1 in Fire Magic
 99962 | Coc:3    | Reached skill level 1 in Poison Magic
100328 | Coc:6    | Noticed a shard shrike
100346 | Coc:6    | Noticed a shard shrike
100365 | Hell     | Killed a shard shrike
100524 | Coc:2    | Gained mutation: Your spells are easier to cast, but less powerful. [mutagenic glow]
100634 | Coc:7    | Entered Level 7 of Cocytus
100977 | Coc:2    | Noticed a shard shrike
100977 | Coc:2    | Noticed a shard shrike
100977 | Coc:2    | Noticed a shard shrike
100977 | Coc:2    | Noticed a shard shrike
100989 | Coc:2    | Killed a shard shrike
100989 | Coc:2    | HP: 5/184 [shard shrike[the effects of Hell] (6)]
100992 | Coc:2    | Killed a shard shrike
100993 | Coc:2    | Killed a shard shrike
101007 | Coc:2    | Killed a shard shrike
101405 | Lair:2   | Gained mutation: You are frail (-10% HP). [potion of mutation]
101405 | Lair:2   | Lost mutation: You are frail (-10% HP). [potion of mutation]
101406 | Lair:2   | Gained mutation: You are robust (+10% HP). [potion of mutation]
101412 | Lair:2   | Hired Onop the naga for 159 gold.
101424 | Lair:2   | Lost mutation: Your magical capacity is low (-10% MP). [potion of cure mutation]
101424 | Lair:2   | Lost mutation: You are robust (+10% HP). [potion of cure mutation]
101424 | Lair:2   | Lost mutation: Your spells are easier to cast, but less powerful. [potion of cure mutation]
101424 | Lair:2   | Lost mutation: Your spells are a little easier to cast, but a little less powerful. [potion of cure mutation]
101424 | Lair:2   | Lost mutation: You expend magic power (3 MP) to strengthen your wands. [potion of cure mutation]
101789 | Zig:1    | Entered Level 1 of a ziggurat
101804 | Zig:1    | Got a distressingly furry buckler
101810 | Zig:2    | Entered Level 2 of a ziggurat
101823 | Zig:2    | Got a transparent plate armour
101838 | Zig:2    | Identified the cursed -5 buckler "Rosorch" {MP+9 Int+6} (You found it on level 1 of a ziggurat)
101850 | Zig:2    | Identified the +4 plate armour of the Sailor {Str+4} (You found it on level 2 of a ziggurat)
101868 | Zig:3    | Entered Level 3 of a ziggurat
101869 | Zig:3    | Noticed Yfriv the pandemonium lord
101895 | Zig:3    | Killed Yfriv the pandemonium lord
101895 | Zig:3    | Reached skill level 1 in Transmutations
101995 | Zig:4    | Entered Level 4 of a ziggurat
102000 | Zig:4    | Noticed Dehekl Pemm the pandemonium lord
102027 | Zig:4    | Killed Dehekl Pemm the pandemonium lord
102058 | Zig:4    | Got a polished long sword
102062 | Zig:4    | Identified the +5 long sword of Xom's Envy {pain, rF+ MP+9} (You found it on level 4 of a ziggurat)
102105 | Zig:5    | Entered Level 5 of a ziggurat
102224 | Zig:5    | Learned a level 2 spell: Cure Poison
102239 | Zig:6    | Entered Level 6 of a ziggurat
102303 | Zig:6    | Gained mutation: You can translocate small distances at will. [potion of beneficial mutation]
102306 | Zig:6    | Identified the Volume of the Frigorific Traveller (You found it on level 6 of a ziggurat)
102316 | Zig:7    | Entered Level 7 of a ziggurat
102418 | Zig:7    | Got an ichor-stained ring mail
102419 | Zig:7    | Identified the cursed +1 ring mail "Iluoqiso" {-Cast rPois Dex+6} (You found it on level 7 of a ziggurat)
102425 | Zig:8    | Entered Level 8 of a ziggurat
102488 | Zig:8    | Got a smoking mace
102489 | Zig:8    | Identified the +3 mace "Kekkamuj" {freeze, -Tele rElec Str-2 Int+10} (You found it on level 8 of a ziggurat)
102502 | Zig:9    | Entered Level 9 of a ziggurat
102526 | Zig:9    | Paralysed by accursed screaming for 2 turns
102842 | Zig:10   | Entered Level 10 of a ziggurat
102882 | Zig:11   | Entered Level 11 of a ziggurat
103124 | Zig:11   | Gained mutation: You are partially covered in rugged brown scales (AC +1, +3% HP). [potion of beneficial mutation]
103138 | Zig:11   | Got a fine mace
103143 | Zig:11   | Identified the cursed +0 mace "Uzxexuek" {elec, rF+ rN+ Stlth+} (You found it on level 11 of a ziggurat)
103149 | Zig:11   | Got a dazzling flail
103151 | Zig:11   | Got a translucent platinum ring
103155 | Zig:11   | Identified the ring "Jole" {+Blink rN+ Str+5 Int+4} (You found it on level 11 of a ziggurat)
103179 | Zig:11   | Identified the +10 flail of the Purse {freeze, rC+ Dex+4} (You found it on level 11 of a ziggurat)
103228 | Zig:12   | Entered Level 12 of a ziggurat
103239 | Zig:12   | Noticed Birir the pandemonium lord
103240 | Zig:12   | Noticed Mounyge the pandemonium lord
103249 | Zig:12   | Noticed Aleuxuq the pandemonium lord
103266 | Zig:12   | HP: 9/189 [hellion/damnation (27)]
103266 | Zig:12   | Killed from afar by a hellion

Skill      XL: |  1  2  3  4  5  6  7  8  9 10 11 12 13 14 15 16 17 18 19 20 21 22 23 24 25 26 27 |
---------------+----------------------------------------------------------------------------------+-----
Short Blades   | 3 4 5 6 7 8 9 10 11 12 13 14 15 16 17 18 19 20 21 22 25 | 25.9
Dodging        | 2 3 4 6 7 8 9 10 12 13 14 15 16 17 18 19 20 21 25 | 25.1
Stealth        | 6 7 8 9 10 12 14 15 17 18 19 21 22 23 25 27 | 27.0
Evocations     | 2 3 5 7 8 9 10 11 12 14 15 16 17 18 20 21 22 23 24 25 27 | 27.0
Fighting       | 5 6 7 9 10 11 12 13 14 15 16 17 18 22 | 22.1
Long Blades    | 7 |  7.3
Spellcasting   | 10 | 10.6
Translocations | 6 |  6.2
Armour         | 8 |  8.0
Fire Magic     | 4 |  4.2
Poison Magic   | 4 |  4.3
Transmutations | 2 |  2.5
Throwing       | |  2.1

Action                   |  1- 3 |  4- 6 |  7- 9 | 10-12 | 13-15 | 16-18 | 19-21 | 22-24 | 25-27 || total
-------------------------+-------+-------+-------+-------+-------+-------+-------+-------+-------++-------
Melee: Dagger            |    61 |   249 |   306 |   136 |   147 |   277 |   824 |   808 |  1794 ||  4602
       Short sword       |       |       |    23 |   268 |   567 |   638 |   636 |       |       ||  2132
       Double sword      |       |       |       |       |     5 |       |       |       |       ||     5
       Knife             |       |       |       |       |       |       |       |   408 |   714 ||  1122
       Scimitar          |       |       |       |       |       |       |       |       |   404 ||   404
 Fire: Blowgun           |     7 |    34 |    90 |    93 |       |    12 |    38 |    22 |       ||   296
       Arbalest          |       |       |       |       |       |     3 |       |       |       ||     3
Throw: Throwing net      |       |       |     1 |       |       |       |       |       |     4 ||     5
 Cast: Blink             |       |       |       |       |       |       |       |       |     5 ||     5
       Apportation       |       |       |       |       |       |       |       |       |     1 ||     1
Invok: Quick Charge      |       |       |       |       |    12 |    14 |    15 |    26 |    47 ||   114
       Device Surge      |       |       |       |       |       |    22 |    17 |     5 |    11 ||    55
 Abil: Evoke Berserk Rag |       |       |     1 |       |       |       |       |       |       ||     1
       Evoke Invisibilit |       |       |       |       |       |       |       |       |    30 ||    30
       Evoke Blink       |       |       |       |       |       |       |       |       |     7 ||     7
Evoke: Wand              |       |       |    21 |    72 |   161 |   187 |   158 |   289 |   482 ||  1370
       Box of beasts     |       |       |       |     2 |     4 |     3 |     3 |     5 |    11 ||    28
       Rod               |       |       |       |    11 |    47 |    76 |   107 |   146 |   285 ||   672
       Disc of storms    |       |       |       |     1 |     2 |     1 |       |       |       ||     4
       Deck              |       |       |       |       |     1 |     3 |       |       |    19 ||    23
       Fan of gales      |       |       |       |       |       |     4 |     7 |     6 |     9 ||    26
       Sack of spiders   |       |       |       |       |       |       |       |    10 |       ||    10
       Phial of floods   |       |       |       |       |       |       |       |       |     8 ||     8
       Sceptre of Asmode |       |       |       |       |       |       |       |       |     3 ||     3
       Horn of Geryon    |       |       |       |       |       |       |       |       |     3 ||     3
  Use: Scroll            |       |     9 |     1 |    19 |    16 |    22 |    22 |    10 |    55 ||   154
       Potion            |       |       |     1 |       |     9 |    23 |    28 |    17 |    35 ||   113
 Stab: Sleeping          |     9 |     8 |    19 |    35 |    59 |    56 |    52 |    30 |   136 ||   404
       Distracted        |     1 |       |     1 |     6 |    15 |    12 |    21 |    19 |    68 ||   143
       Held in net/web   |       |       |     1 |       |       |       |       |     1 |     4 ||     6
       Confused          |       |       |     2 |    11 |    33 |    27 |    26 |    50 |   161 ||   310
       Paralysed         |       |       |       |     6 |    42 |    24 |     5 |    13 |    10 ||   100
       Invisible         |       |       |       |       |     3 |     4 |       |       |   112 ||   119
  Eat: Chunk             |     9 |     5 |    19 |    33 |    49 |    74 |    64 |    81 |   131 ||   465
       Beef jerky        |       |       |       |       |     1 |     1 |     3 |       |     3 ||     8
       Pizza             |       |       |       |       |       |     2 |       |       |     3 ||     5
       Meat ration       |       |       |       |       |       |     1 |     3 |     1 |    10 ||    15
       Royal jelly       |       |       |       |       |       |       |       |       |     4 ||     4
Armor: Robe              |    10 |    33 |    21 |       |       |       |       |     3 |    45 ||   112
       Leather armour    |       |       |    33 |    31 |     9 |    16 |     9 |       |       ||    98
       Troll leather arm |       |       |       |       |    20 |       |       |       |       ||    20
       Pearl dragon armo |       |       |       |       |       |   144 |   274 |   298 |   361 ||  1077
       Skin              |       |       |       |       |       |       |     5 |       |     3 ||     8
Dodge: Dodged            |    33 |   182 |   211 |   248 |   476 |   503 |  1005 |   940 |  3115 ||  6713
Block: Other             |       |       |       |       |    53 |   108 |   233 |   179 |   175 ||   748
       Reflection        |       |       |       |       |     1 |     6 |    32 |    16 |    10 ||    65
